Map: Catalyst LE

Players

Scarlett

  • Race: Zerg Zerg
  • League: Master
  • Spawn Location: 11:00

Dark - Winner!

  • Race: Zerg Zerg
  • Spawn Location: 5:00

Event: WESG 2017 Haikou

VOD

https://www.youtube.com/watch?v=x9yaLvJTbZs&t=1950s

Description

Time

  • Played on: March 17, 2018, 2:02 a.m.
  • Length: 13:42

All games in this series

Show
View Real Time Build Order
Export as new Build Order

Scarlett Zerg 

Build Orders: Hatch First 

Get SALT Encoding   

  12  0:00  Drone  
  13  0:12  Overlord  
  13  0:17  Drone  
  14  0:30  Drone x2  
  16  0:48  Hatchery  
  15  0:52  Drone  
  15  0:55  Drone  
  17  0:58  Drone  
  18  1:12  Spawning Pool  
  18  1:14  Extractor  
  18  1:17  Drone  
  17  1:20  Drone  
  18  1:28  Drone  
  19  1:44  Drone  
  20  1:58  Queen  
  20  2:00  Zergling x4  
  26  2:02  Spine Crawler  
  26  2:03  Zergling x2  
  26  2:11  Zergling x4  
  28  2:19  Baneling Nest  
  27  2:27  Overlord  
  27  2:35  Queen  
  25  2:51  Zergling x4  
  25  2:53  Metabolic Boost  
  25  2:55  Overlord  
  27  3:03  Drone  
  27  3:04  Baneling x2  
  28  3:10  Drone  
  29  3:16  Drone  
  30  3:23  Hatchery  
  29  3:31  Hatchery  
  29  3:35  Drone x2  
  31  3:43  Drone x2  
  33  3:48  Drone  
  33  3:53  Drone  
  35  4:00  Drone  
  35  4:02  Lair  
  36  4:03  Extractor, Baneling  
  36  4:05  Baneling  
  35  4:10  Drone  
  36  4:29  Drone x2  
  36  4:30  Overlord  
  37  4:41  Overlord  
  37  4:45  Drone x2  
  39  4:48  Drone x3  
  39  4:50  Queen  
  44  4:52  Extractor  
  44  4:54  Drone  
  44  5:00  Drone  
  44  5:06  Spire  
  44  5:12  Drone x2  
  43  5:22  Drone x6  
  43  5:26  Extractor  
  43  5:27  Zergling x2  
  49  5:29  Overlord  
  49  5:41  Drone x2  
  51  5:42  Overlord  
  51  5:44  Drone x3  
  51  5:45  Drone  
  51  5:48  Zergling x4  
  57  5:55  Zergling x2  
  58  6:01  Zergling x2  
  59  6:05  Overlord  
  59  6:11  Hatchery  
  59  6:17  Mutalisk x2  
  59  6:18  Mutalisk  
  63  6:22  Mutalisk x2  
  67  6:29  Mutalisk x2  
  67  6:32  Zerg Flyer Weapons Level 1  
  71  6:38  Drone x3  
  74  6:42  Mutalisk  
  76  6:50  Extractor, Mutalisk x2  
  76  6:53  Extractor  
  78  6:59  Spine Crawler  
  78  7:00  Spine Crawler  
  78  7:02  Spine Crawler, Zergling x2  
  78  7:03  Spine Crawler  
  77  7:08  Mutalisk  
  77  7:09  Mutalisk  
  77  7:14  Spine Crawler, Zergling x2  
  77  7:15  Overlord  
  82  7:20  Spine Crawler  
  81  7:23  Mutalisk  
  81  7:26  Spine Crawler  
  82  7:41  Mutalisk x2  
  86  7:45  Overlord  
  86  7:46  Mutalisk, Zergling x2  
  86  7:47  Zergling x6  
  92  7:53  Overlord  
  91  7:59  Zergling x2  
  91  8:00  Overlord  
  90  8:06  Mutalisk  
  91  8:15  Mutalisk  
  91  8:16  Zergling x2  
  88  8:21  Mutalisk  
  89  8:28  Mutalisk  
  89  8:29  Zergling x2  
  89  8:30  Zergling x8  
  91  8:34  Mutalisk  
  91  8:40  Mutalisk  
  91  8:41  Zergling x6  
  96  8:48  Zergling x2  
  97  8:56  Mutalisk  
  97  9:00  Mutalisk  
  97  9:02  Queen x2  
  101  9:07  Overlord x2  
  105  9:11  Mutalisk  
  105  9:12  Overlord  
  105  9:13  Zergling x4  
  105  9:14  Zergling x2  
  108  9:29  Mutalisk x2  
  112  9:31  Zergling x6  
  115  9:39  Zergling x6  
  115  9:41  Baneling x6  
  115  9:43  Queen  
  120  9:52  Mutalisk  
  122  9:53  Zergling x2  
  122  9:54  Zergling x4  
  125  10:05  Mutalisk  
  125  10:06  Zergling x2  
  129  10:07  Zergling x2  
  127  10:19  Mutalisk x2  
  127  10:21  Zergling x6  
  132  10:30  Overlord x3  
  132  10:33  Baneling  
  132  10:34  Baneling x4  
  124  10:56  Mutalisk  
  119  10:57  Mutalisk  
  104  11:06  Mutalisk  
  104  11:07  Mutalisk  
  104  11:08  Zergling x2  
  104  11:09  Zergling x8  
  104  11:18  Evolution Chamber  
  98  11:27  Mutalisk  
  100  11:38  Mutalisk  
  100  11:39  Zergling x6  
  99  11:55  Zergling x2  
  100  12:16  Mutalisk  
  100  12:18  Mutalisk  
  100  12:19  Mutalisk  
  106  12:40  Hatchery  
  32  13:27  Hatchery  
Show
View Real Time Build Order
Export as new Build Order

Dark Zerg - Winner!

Build Orders: 1 Base Baneling Bust, Pool First 

Get SALT Encoding   

  12  0:09  Extractor  
  11  0:20  Spawning Pool  
  10  0:24  Drone  
  11  0:30  Drone  
  11  0:34  Drone  
  13  0:47  Overlord  
  13  1:07  Zergling x4  
  13  1:08  Zergling x2  
  16  1:13  Metabolic Boost  
  16  1:19  Zergling x2  
  17  1:30  Zergling x2  
  18  1:36  Baneling Nest  
  17  1:41  Zergling x2  
  18  1:52  Zergling x2  
  19  1:59  Queen  
  21  2:10  Overlord  
  21  2:15  Zergling x2  
  21  2:20  Baneling x2  
  22  2:32  Drone  
  22  2:36  Drone  
  23  2:50  Drone  
  23  2:55  Drone  
  24  3:02  Baneling x2  
  24  3:07  Drone x4  
  28  3:31  Hatchery  
  28  3:33  Drone  
  28  3:35  Drone  
  29  3:41  Overlord  
  29  3:59  Queen  
  29  4:00  Drone x3  
  34  4:12  Overlord  
  34  4:13  Drone x2  
  36  4:31  Zergling x2  
  36  4:37  Drone  
  36  4:40  Baneling  
  36  4:42  Baneling  
  36  4:43  Drone  
  36  4:44  Drone x3  
  36  4:45  Queen  
  42  4:47  Drone  
  43  4:54  Lair  
  43  4:58  Drone  
  43  4:59  Drone  
  45  5:04  Evolution Chamber  
  45  5:05  Baneling  
  44  5:08  Drone x2  
  46  5:14  Roach Warren  
  46  5:17  Drone x2  
  46  5:22  Drone x3  
  46  5:24  Drone  
  46  5:26  Drone  
  51  5:31  Drone  
  51  5:33  Zerg Missile Weapons Level 1  
  51  5:35  Overlord  
  52  5:38  Overlord  
  52  5:45  Extractor, Drone  
  52  5:46  Extractor  
  52  5:48  Drone  
  52  5:55  Queen  
  54  5:57  Drone x2  
  54  5:58  Glial Reconstitution  
  55  6:04  Queen  
  55  6:10  Overlord  
  57  6:13  Nydus Network  
  55  6:19  Roach x2  
  55  6:21  Overlord  
  55  6:23  Overlord  
  59  6:27  Overlord  
  59  6:32  Roach x2  
  63  6:35  Roach  
  65  6:44  Hatchery, Roach x2  
  68  6:50  Nydus Canal  
  68  6:54  Roach  
  68  6:55  Roach  
  68  6:56  Roach  
  74  7:01  Queen  
  74  7:02  Roach  
  74  7:05  Roach  
  80  7:11  Spore Crawler  
  80  7:13  Spore Crawler  
  80  7:15  Roach  
  80  7:17  Roach  
  80  7:18  Roach  
  80  7:22  Overlord  
  83  7:25  Spore Crawler  
  83  7:27  Spore Crawler  
  81  7:31  Roach  
  83  7:41  Roach x3  
  89  7:45  Queen  
  91  7:56  Nydus Canal  
  91  8:01  Queen  
  90  8:06  Ravager x2  
  90  8:07  Roach, Ravager  
  90  8:09  Roach  
  95  8:14  Roach  
  95  8:17  Roach  
  95  8:19  Roach  
  97  8:21  Drone  
  97  8:24  Drone x3  
  97  8:26  Overlord  
  98  8:36  Overlord  
  98  8:42  Overlord  
  98  8:45  Overlord  
  98  8:46  Extractor  
  98  8:48  Overlord  
  96  8:53  Queen x2  
  100  9:03  Roach x3  
  100  9:04  Roach x2  
  100  9:05  Extractor  
  100  9:09  Spore Crawler  
  108  9:10  Spore Crawler  
  108  9:11  Ravager  
  108  9:12  Ravager  
  108  9:16  Roach x2  
  113  9:18  Roach  
  113  9:23  Spore Crawler  
  115  9:27  Roach  
  117  9:31  Roach  
  116  9:45  Roach x3  
  122  9:46  Roach  
  122  9:52  Overlord  
  124  9:53  Overlord  
  124  10:05  Overlord x2  
  124  10:09  Overlord  
  124  10:12  Ravager x2  
  124  10:18  Queen x2  
  122  10:31  Spore Crawler x3  
  122  10:32  Roach x3  
  125  10:44  Roach  
  127  10:55  Nydus Canal  
  116  11:08  Queen x2  
  116  11:10  Roach x2  
  115  11:13  Roach x2  
  115  11:14  Roach  
  121  11:39  Spore Crawler  
  120  11:43  Roach x2  
  122  11:48  Drone x4  
  122  11:58  Infestation Pit  
  121  12:07  Drone x3  
  124  12:09  Queen x2  
  128  12:25  Spore Crawler  
  128  12:26  Spore Crawler  
  124  12:37  Pathogen Glands  
  124  12:41  Spore Crawler  
  123  12:44  Queen  
  123  12:49  Spore Crawler  
  123  12:51  Spore Crawler  
Tags
 
Add a new tag
Caveats
  • Supply blocks, unpowered buildings, or Contaminate may cause inaccurate times.
  • Supply counts are checked every 10 seconds.